 Dungeon Crawl Stone Soup version 0.30.1-4-g462c640d31 (webtiles) character file.

Game seed: 13150024973724218226

8 growler the Trooper (level 2, 18/23 HPs)
             Began as a Demonspawn Gladiator on Aug 16, 2023.
             Quit the game on level 1 of the Dungeon.
             The game lasted 00:00:28 (350 turns).

growler the Trooper (Demonspawn Gladiator)           Turns: 350, Time: 00:00:28

Health: 18/23      AC:  4    Str: 14    XL:     2   Next: 0%
Magic:  2/2        EV: 12    Int:  9    God:
Gold:   27         SH:  0    Dex: 14    Spells: 1/1 levels left

rFire   . . .        a - +0 war axe
rCold   . . .        (no shield)
rNeg    . . .        b - +0 leather armour
rPois   .            c - +0 helmet
rElec   .            (no cloak)
rCorr   .            (no gloves)
SInv    .            (no boots)
Will    .....        (no amulet)
Stlth   +            (no ring)
HPRegen 0.23/turn    (no ring)
MPRegen 0.08/turn

%: no passive effects
@: no status effects
A: weakness stinger 1
a: no special abilities


You were on level 1 of the Dungeon.
You visited 1 branch of the dungeon, and saw 1 of its levels.

You collected 27 gold pieces.

Inventory:

Hand Weapons
 a - a +0 war axe (weapon)
Missiles
 d - 3 throwing nets (quivered)
 e - a javelin
Armour
 b - a +0 leather armour (worn)
 c - a +0 helmet (worn)
Scrolls
 f - a scroll of poison {unknown}
 g - a scroll of identify {unknown}


   Skills:
 + Level 2.7 Fighting
 - Level 2.6 Axes
 - Level 1.7 Throwing
 - Level 2.6 Dodging


You had one spell level left.
You didn't know any spells.
Your spell library was empty.

Dungeon Overview and Level Annotations

Branches:
Dungeon (1/15)

Altars:


Innate Abilities, Weirdness & Mutations

You have a small tail.


Message History

HP restored.
You now have 27 gold pieces (gained 10).
A ball python comes into view.
Found a scroll labelled DUUWNO QURPHIRA.
You see here a scroll labelled DEXIDD FIUNEO.
The ball python bites you but does no damage.
The ball python closely misses you.
You hit the ball python but do no damage.
The ball python closely misses you. The ball python barely misses you.
You barely miss the ball python. The ball python barely misses you.
The ball python grabs you. The ball python constricts you.
The ball python bites you but does no damage.
The ball python constricts you.
You hit the ball python.
You kill the ball python!
No target in view!
f - a scroll labelled DEXIDD FIUNEO
g - a scroll labelled DUUWNO QURPHIRA You see here a ball python corpse.
Found a spear.
Found a leather armour.
You see here a +0 leather armour. 2 rats come into view.
A ball python comes into view.
The rat bites you.
You barely miss the rat. You hit the rat.
You kill the rat!
The rat bites you but does no damage.
You barely miss the rat.
The rat bites you but does no damage. x2
You hit the rat.
You kill the rat!
You barely miss the ball python. The ball python bites you.
The ball python grabs you. The ball python constricts you.
The ball python bites you. The ball python constricts you.
You slash the ball python!
You kill the ball python!
You have reached level 2!
Your demonic ancestry asserts itself...
You grow a small tail.
Are you sure you want to abandon this character and quit the game? (Confirm with "yes".)

#........... .....
#..........# #.#..
#...........
#.#.####.#.......#
.................
................
##+#.##...........#
#............######
##†@..........##
..............##...#♣#♣♣
..............##...#.'.♣
.#......#.....##...#.#♣.
##.#..........#...#.#♣.
..............#[###.#♣♣
.....#.........#.# #'###
.....#.........#.###....
#.............#..<.


There were no monsters in sight!

Vanquished Creatures
  2 endoplasms (D:1)
  A kobold (D:1)
  3 ball pythons (D:1)
  2 rats (D:1)
8 creatures vanquished.

Notes
Turn   | Place    | Note
-------+----------+-------------------------------------------
     0 | D:1      | growler the Demonspawn Gladiator began the quest for the
                  | Orb.
     0 | D:1      | Reached XP level 1. HP: 16/16 MP: 1/1
   350 | D:1      | Gained mutation: You have a small tail. [demonic ancestry]
   350 | D:1      | Reached XP level 2. HP: 18/23 MP: 2/2
   350 | D:1      | Quit the game

Illustrated notes

Levels and vault maps discovered:
D:1:      scummos_arrival_gate, layout_basic

Action                     || total
---------------------------++-------
  Melee: War axe           ||    17
 Armour: Leather armour    ||     7
  Dodge: Dodged            ||     9
